Map: Dreamcatcher LE

Players

Eleven - Winner!

  • Race: Zerg Zerg
  • League: Platinum
  • Spawn Location: 11:00

SauceBauce

  • Race: Terran Terran
  • League: Platinum
  • Spawn Location: 5:00

VOD

Have the link to the VOD?

Description

Time

  • Played on: May 30, 2018, 2:12 a.m.
  • Length: 21:21
Show
View Real Time Build Order
Export as new Build Order

Eleven Zerg - Winner!

Build Orders: Hatch First 

Get SALT Encoding   

  12  0:01  Drone  
  13  0:12  Overlord  
  13  0:17  Drone  
  14  0:30  Drone x2  
  14  0:34  Drone  
  17  0:55  Hatchery  
  16  0:57  Drone  
  16  1:01  Extractor  
  16  1:02  Drone  
  17  1:17  Spawning Pool  
  16  1:20  Drone  
  16  1:25  Drone  
  18  1:28  Drone  
  19  1:38  Overlord  
  19  2:05  Queen  
  19  2:07  Queen  
  19  2:08  Zergling x6  
  26  2:13  Metabolic Boost  
  26  2:20  Drone  
  26  2:21  Drone  
  28  2:38  Drone x3  
  31  2:48  Queen  
  31  2:49  Overlord  
  31  2:50  Drone  
  34  2:59  Drone x2  
  36  3:07  Drone x2  
  38  3:13  Drone  
  39  3:25  Hatchery, Drone x2  
  40  3:35  Pneumatized Carapace  
  40  3:38  Lair  
  40  3:40  Overlord  
  40  3:43  Overlord  
  40  3:48  Overlord  
  40  4:03  Drone x2  
  40  4:04  Drone x6  
  40  4:05  Drone  
  49  4:14  Baneling Nest  
  49  4:15  Extractor x2  
  47  4:17  Drone x2, Evolution Chamber  
  47  4:26  Zergling x4  
  47  4:27  Zergling x2  
  50  4:32  Drone, Roach Warren  
  50  4:33  Drone  
  51  5:03  Centrifical Hooks, Zerg Melee Weapons Level 1  
  51  5:09  Drone x2  
  51  5:10  Zergling x8  
  51  5:11  Zergling x8  
  61  5:33  Drone x5  
  61  5:35  Overlord x3  
  65  5:47  Baneling x5  
  64  5:50  Spore Crawler  
  64  5:51  Spore Crawler  
  62  6:00  Evolution Chamber  
  62  6:03  Extractor  
  60  6:07  Spore Crawler  
  60  6:08  Zergling x12  
  60  6:09  Zergling x10  
  69  6:12  Baneling x4  
  69  6:23  Zergling x4  
  69  6:24  Zergling x2  
  72  6:31  Baneling x3  
  72  6:32  Baneling x2  
  72  6:38  Zerg Ground Armor Level 1  
  72  6:44  Drone  
  72  6:45  Hydralisk Den, Drone x2  
  59  7:05  Queen  
  61  7:10  Spore Crawler  
  60  7:16  Spore Crawler  
  60  7:17  Extractor  
  60  7:18  Zergling x8  
  60  7:19  Hydralisk x6, Zergling x6  
  60  7:20  Hydralisk x3  
  82  7:26  Zerg Missile Weapons Level 1  
  82  7:32  Infestation Pit  
  82  7:34  Overseer  
  81  7:42  Drone x3  
  81  7:43  Drone x4  
  88  7:57  Drone x2  
  90  7:58  Overlord x3  
  90  8:10  Baneling x3  
  90  8:11  Baneling x3  
  90  8:12  Baneling x2  
  90  8:16  Grooved Spines  
  90  8:19  Drone x2  
  93  8:20  Drone x5  
  97  8:29  Extractor  
  80  8:48  Drone x6  
  75  8:54  Zergling x14  
  75  8:55  Zergling x10  
  81  9:00  Hatchery  
  76  9:15  Baneling x7  
  76  9:16  Zerg Melee Weapons Level 2  
  76  9:21  Hive  
  76  9:27  Zerg Ground Armor Level 2  
  76  9:29  Hydralisk x2  
  76  9:30  Hydralisk  
  82  9:53  Hatchery  
  82  9:55  Zergling x4  
  82  9:56  Hydralisk x3, Zergling x14  
  96  10:16  Drone x2  
  96  10:17  Hydralisk x2  
  96  10:18  Hydralisk x5  
  96  10:20  Zergling x2  
  113  10:21  Zergling x2  
  113  10:23  Baneling  
  113  10:24  Baneling x3  
  114  10:30  Queen  
  116  10:36  Drone  
  116  10:37  Drone x3  
  116  10:38  Overlord  
  116  10:40  Overlord  
  116  10:42  Overlord  
  120  10:52  Overlord  
  120  10:53  Overlord  
  106  11:28  Baneling x3  
  106  11:29  Baneling x4  
  106  11:41  Drone x2  
  106  11:42  Drone x8  
  106  11:43  Drone x3  
  109  12:03  Zergling x4  
  109  12:04  Zergling x26  
  104  12:11  Ultralisk Cavern  
  103  12:17  Zergling x16  
  103  12:18  Zergling x10  
  116  12:26  Queen  
  116  12:29  Extractor  
  117  12:32  Baneling x4  
  117  12:33  Baneling x9  
  117  12:34  Baneling x3  
  117  12:35  Zerg Melee Weapons Level 3  
  117  12:36  Zerg Ground Armor Level 3  
  117  12:40  Baneling x6  
  117  12:41  Baneling x7  
  117  13:12  Ultralisk x5  
  159  13:13  Ultralisk  
  159  13:14  Chitinous Plating  
  159  13:15  Zergling x2  
  159  13:16  Zergling x10  
  159  13:18  Overlord x4  
  165  13:36  Zergling x2  
  165  13:37  Zergling x16  
  165  13:38  Zergling x14  
  165  13:39  Zergling x6  
  140  14:13  Zergling x16  
  140  14:14  Zergling x8  
  152  14:45  Hatchery  
  151  14:58  Ultralisk x3  
  151  14:59  Ultralisk x2  
  147  15:20  Zergling x20  
  147  15:21  Zergling x16  
  141  15:36  Extractor  
  141  15:42  Baneling x7  
  140  15:43  Baneling x8  
  140  15:44  Baneling x3  
  140  15:51  Spire  
  140  15:53  Spire  
  138  16:12  Zergling x2  
  138  16:13  Zergling x16  
  138  16:14  Zergling x14  
  138  16:15  Zergling x8  
  138  16:16  Ultralisk x3  
  138  16:17  Ultralisk  
  182  16:19  Extractor  
  182  16:22  Extractor  
  180  16:32  Queen  
  158  17:15  Zergling x12  
  162  17:16  Zergling x16  
  162  17:17  Zergling x16  
  162  17:18  Zergling x6  
  182  17:28  Ultralisk Cavern  
  182  17:29  Adrenal Glands  
  177  17:33  Greater Spire  
  176  17:43  Baneling x6  
  176  17:44  Baneling x8  
  176  17:45  Baneling x5  
  154  18:17  Zergling x2  
  154  18:18  Zergling x34  
  124  19:00  Corruptor  
  124  19:01  Corruptor x7  
  105  19:31  Hatchery  
  103  19:32  Ultralisk  
  103  19:33  Ultralisk x8  
  103  19:34  Ultralisk x4  
  181  19:59  Zergling x2  
  182  20:01  Overlord x4  
  182  20:12  Hatchery  
  181  20:19  Baneling x5  
  181  20:20  Baneling x8  
  181  20:27  Hatchery  
  129  20:54  Zergling x4  
  129  20:55  Zergling x48  
Show
View Real Time Build Order
Export as new Build Order

SauceBauce Terran 

Build Orders: Liberator Opening, Reaper Expand, MMM Bio 

Get SALT Encoding   

  12  0:01  SCV  
  13  0:13  SCV  
  14  0:17  Supply Depot  
  14  0:25  SCV  
  15  0:30  Refinery  
  15  0:42  Barracks  
  15  0:45  SCV  
  16  0:58  SCV  
  17  1:10  SCV  
  19  1:28  Orbital Command  
  19  1:30  Reaper  
  19  1:54  Command Center  
  19  1:55  SCV  
  19  2:00  Refinery  
  20  2:18  Barracks Reactor  
  20  2:22  Supply Depot  
  20  2:24  Factory  
  20  2:25  SCV  
  21  2:48  Bunker  
  21  2:51  Barracks  
  21  2:53  SCV  
  22  3:05  Orbital Command  
  22  3:09  Marine x2  
  24  3:19  Hellion  
  26  3:35  Starport, SCV  
  27  3:46  Marine x2  
  29  3:49  Barracks Tech Lab  
  29  3:56  Liberator  
  29  4:01  Factory Tech Lab  
  29  4:02  SCV  
  30  4:09  Marine  
  31  4:11  Stimpack, Marine  
  35  4:27  Siege Tank  
  38  4:32  Engineering Bay  
  38  4:34  Engineering Bay  
  38  4:36  SCV  
  38  4:37  Supply Depot, Marine  
  43  5:01  SCV x2  
  42  5:14  Medivac  
  42  5:15  Siege Tank  
  42  5:16  Marine x2  
  49  5:23  Barracks  
  49  5:31  Barracks  
  49  5:33  Armory  
  49  5:34  Supply Depot  
  49  5:49  Starport Reactor  
  49  5:52  SCV x2  
  51  5:57  Marine x2  
  51  5:58  Marine  
  55  6:04  SCV x2  
  56  6:16  Combat Shield, SCV x2  
  56  6:18  Marine x2  
  60  6:21  Barracks Reactor  
  60  6:24  Marauder, Barracks Reactor  
  62  6:27  Supply Depot  
  62  6:30  Terran Infantry Armor Level 1  
  62  6:32  Supply Depot  
  62  6:49  Marine  
  62  6:50  Supply Depot  
  53  7:15  Marine x2  
  54  7:16  Marauder, Marine  
  54  7:18  Medivac x2  
  54  7:20  Marine x2  
  64  7:28  Command Center  
  64  7:31  Barracks  
  64  7:32  Barracks  
  64  7:33  SCV x2  
  64  7:35  Supply Depot  
  64  7:36  Supply Depot  
  66  7:37  Marauder  
  66  7:39  Supply Depot  
  65  7:44  Marine  
  65  7:45  SCV, Marine  
  65  7:46  Siege Tank, SCV, Marine  
  73  7:59  Marauder  
  73  8:03  Unknown  
  75  8:12  Marine x2  
  76  8:13  Marine x3  
  76  8:16  Medivac  
  82  8:20  Marauder, Terran Infantry Weapons Level 1  
  84  8:29  SCV x2  
  84  8:32  Marine x2  
  70  8:41  Marauder, SCV  
  70  8:42  SCV, Marine x4  
  68  8:54  SCV  
  67  9:03  Marauder, Refinery  
  67  9:04  Refinery  
  67  9:05  Orbital Command  
  69  9:19  Barracks Tech Lab  
  69  9:20  Barracks Tech Lab, Command Center  
  69  9:24  Marauder  
  69  9:25  Siege Tank  
  69  9:29  Terran Infantry Armor Level 2  
  74  9:32  Concussive Shells  
  74  9:43  Marauder x2, Marine  
  74  9:44  Marine x4  
  83  9:46  Marauder  
  85  10:04  Marauder  
  85  10:06  Marauder, Marine x4  
  95  10:07  Marauder, Marine x2  
  97  10:23  Marine  
  97  10:24  Siege Tank, Marine x4  
  97  10:26  Marauder, Orbital Command  
  97  10:28  Marauder x2  
  111  10:35  Liberator  
  111  10:47  Marauder  
  111  10:49  Marauder  
  117  10:50  Marauder  
  117  10:56  Siege Tank, Orbital Command  
  123  11:05  Marine x4  
  123  11:06  Marine x2  
  123  11:09  Marauder  
  123  11:10  Command Center  
  123  11:11  Marauder x2  
  135  11:23  Marine x3  
  135  11:25  Marine x2  
  140  11:40  Siege Tank, Marine  
  140  11:41  Marauder x3  
  150  11:48  Marine x2  
  150  11:49  Marine  
  150  11:51  SCV  
  150  11:52  SCV  
  153  12:02  Marauder x2  
  157  12:12  Siege Tank  
  160  12:19  SCV x4  
  164  12:26  Terran Infantry Weapons Level 2  
  164  12:27  Terran Infantry Armor Level 3  
  164  12:31  SCV  
  164  12:34  Orbital Command  
  164  12:35  Supply Depot  
  164  12:36  Supply Depot  
  165  12:53  Marauder, Marine x4  
  165  12:54  Marauder x2, Marine x2  
  177  12:59  Terran Vehicle Weapons Level 1  
  177  13:11  Marine  
  178  13:17  Marauder x2, Marine x4  
  178  13:18  Marauder  
  188  13:30  Orbital Command  
  188  13:32  Orbital Command  
  188  13:38  Marauder  
  190  13:42  Marine  
  190  13:43  Marauder, Marine x2  
  195  14:04  Marauder, Marine  
  195  14:05  Marine  
  195  14:06  Marauder, Marine  
  195  14:07  Marauder  
  165  14:10  Marine x2  
  165  14:16  Siege Tank  
  170  14:26  Marauder  
  170  14:27  Marauder  
  170  14:28  Marauder  
  170  14:30  Liberator x2  
  176  14:33  SCV x2  
  176  14:34  SCV x2  
  176  14:38  Marine  
  181  14:45  SCV  
  181  14:46  SCV x3  
  181  14:47  Marauder  
  181  14:48  Marauder  
  181  14:52  Starport  
  195  15:04  Siege Tank, SCV x4  
  195  15:05  Marauder  
  187  15:12  Marauder, Marine x5  
  187  15:13  Marauder, Marine  
  162  15:26  Marauder  
  164  15:30  Marine x6  
  164  15:32  Refinery  
  164  15:34  Marauder x2, Refinery  
  174  15:40  Medivac  
  176  15:48  Marauder, Marine x4  
  182  15:50  Terran Infantry Weapons Level 3  
  182  15:51  Terran Vehicle Weapons Level 2  
  182  15:55  Marauder x2  
  186  16:00  Medivac  
  188  16:09  Marauder  
  188  16:10  Medivac  
  192  16:12  Refinery  
  192  16:13  Refinery  
  192  16:16  Marine x3  
  195  16:36  Supply Depot  
  195  16:37  Starport Reactor  
  195  16:38  Supply Depot x2  
  195  16:57  Marine x3  
  195  16:58  Medivac  
  195  16:59  Marine x2  
  195  17:00  Marine  
  200  17:01  Siege Tank  
  200  17:02  Marauder  
  200  17:03  Marauder  
  200  17:04  Marauder  
  191  17:15  Marine x3  
  191  17:17  Marine x3  
  197  17:24  Marauder  
  197  17:25  Marauder  
  192  17:33  Marine x3  
  192  17:35  Marine x3  
  196  17:45  Marauder  
  196  17:46  Marauder  
  172  18:14  Marine x2  
  172  18:15  Marauder x3, Marine x4  
  90  18:32  Marine x4  
  90  18:33  Marine x2  
  81  18:36  Marauder x2  
  81  18:37  Marauder  
  78  18:50  Marine x5  
  78  18:51  Marine  
  72  18:58  Marauder x3  
  59  19:07  Orbital Command  
  59  19:08  Marine x5  
  55  19:19  Marauder x3  
  61  19:26  Marine x5  
  66  19:40  Marauder  
  66  19:41  Marauder x2  
  66  19:44  Marine x5  
  77  20:01  Marine  
  77  20:02  Marauder x3, Marine x4  
  88  20:12  SCV x3  
  91  20:19  Marine x4  
  91  20:20  Marine  
  96  20:23  Marauder x2  
  96  20:24  Marauder, SCV x3  
  104  20:37  Marine x4  
  106  20:44  Marauder  
  106  20:45  Marauder x2  
  106  20:48  Marine  
  78  20:55  Marine x4  
Tags
 
Add a new tag
Caveats
  • Supply blocks, unpowered buildings, or Contaminate may cause inaccurate times.
  • Supply counts are checked every 10 seconds.